Map: Lightshade LE

Players

TriGGeR

  • Race: Protoss Protoss

MaSa - Winner!

  • Race: Terran Terran

Event: DreamHack SC2 Masters 2021 Fall

VOD

Have the link to the VOD?

Description

Time

  • Played on: Aug. 6, 2021, 3:25 p.m.
  • Length: 10:10

All games in this series

Show
View Real Time Build Order
Export as new Build Order

TriGGeR Protoss 

Build Orders: Phoenix Opening, Proxy Void Ray 

Get SALT Encoding   

  12  0:07  Pylon  
  12  0:12  Probe  
  13  0:25  Gateway  
  13  0:29  Probe (Chrono Boost)  
  14  0:38  Probe (Chrono Boost)  
  14  0:39  Assimilator  
  15  0:43  Probe (Chrono Boost)  
  16  0:50  Assimilator  
  16  0:55  Probe  
  17  1:07  Probe  
  18  1:12  Cybernetics Core  
  18  1:14  Zealot  
  20  1:19  Probe  
  21  1:28  Pylon  
  21  1:31  Probe  
  22  1:43  Probe  
  23  1:52  Stargate  
  23  1:57  Shield Battery  
  23  2:05  Shield Battery  
  22  2:10  Adept (Chrono Boost)  
  24  2:26  Void Ray (Chrono Boost)  
  28  2:38  Pylon  
  28  2:41  Shield Battery  
  28  2:49  Pylon  
  26  2:55  Shield Battery  
  26  3:02  Void Ray (Chrono Boost)  
  30  3:17  Shield Battery  
  30  3:25  Shield Battery  
  30  3:33  Probe  
  30  3:34  Warp Gate  
  31  3:40  Phoenix  
  33  3:45  Probe  
  34  3:53  Pylon  
  34  3:57  Probe  
  35  4:09  Phoenix (Chrono Boost)  
  37  4:13  Shield Battery  
  37  4:15  Shield Battery  
  37  4:20  Stalker  
  37  4:32  Phoenix (Chrono Boost), Probe  
  40  4:44  Gateway  
  34  5:02  Phoenix  
  35  5:26  Nexus  
  35  5:30  Pylon  
  33  5:47  Phoenix (Chrono Boost)  
  33  5:48  Twilight Council  
  35  5:56  Stalker  
  38  6:06  Pylon  
  38  6:07  Phoenix (Chrono Boost)  
  39  6:24  Probe  
  40  6:32  Stalker x2  
  44  6:33  Blink (Chrono Boost)  
  44  6:41  Probe  
  44  6:45  Probe  
  46  7:00  Probe  
  37  7:04  Probe  
  37  7:06  Stalker  
  37  7:08  Stalker  
  38  7:19  Probe  
  38  7:21  Shield Battery  
  39  7:26  Gateway  
  39  7:27  Probe  
  40  7:35  Stalker  
  42  7:39  Stalker  
  42  7:58  Robotics Facility  
  42  8:01  Stalker  
  42  8:02  Stalker  
  42  8:05  Shield Battery  
  46  8:08  Pylon  
  46  8:17  Shield Battery  
  44  8:23  Stalker  
  44  8:26  Stalker  
  48  8:35  Stalker  
  50  8:41  Shield Battery  
  50  8:42  Shield Battery  
  50  8:53  Stalker x2  
  46  9:05  Stalker  
  42  9:11  Shield Battery  
  42  9:12  Immortal (Chrono Boost)  
  46  9:22  Stalker  
  48  9:31  Stalker  
  38  9:51  Stalker x2  
  40  9:58  Shield Battery  
Show
View Real Time Build Order
Export as new Build Order

MaSa Terran - Winner!

Build Orders: Cyclone Opening 

Get SALT Encoding   

  12  0:00  SCV  
  13  0:12  SCV  
  14  0:17  Supply Depot  
  14  0:24  SCV  
  15  0:38  SCV  
  15  0:39  Barracks  
  16  0:43  Refinery  
  16  0:50  SCV  
  17  1:03  SCV  
  18  1:15  SCV  
  19  1:26  Marine  
  19  1:28  Orbital Command  
  20  1:41  Refinery  
  20  1:42  Supply Depot  
  20  1:44  Marine  
  21  1:49  Factory  
  21  1:57  SCV  
  21  2:00  Bunker  
  22  2:02  Marine  
  23  2:19  Marine  
  24  2:26  SCV  
  25  2:34  Factory Tech Lab  
  25  2:37  Marine  
  25  2:38  SCV  
  27  2:46  Bunker  
  27  2:55  Marine, Mag-Field Accelerator, Cyclone  
  30  3:08  SCV  
  29  3:13  Marine  
  27  3:20  Starport  
  26  3:31  Marine  
  27  3:36  SCV  
  27  3:38  Cyclone  
  31  3:44  Supply Depot  
  31  3:53  Marine  
  31  4:03  SCV  
  31  4:06  Viking  
  33  4:13  Supply Depot  
  33  4:15  SCV  
  34  4:21  Cyclone  
  37  4:29  Marine  
  37  4:30  SCV  
  39  4:41  Viking  
  41  4:52  SCV  
  39  5:09  SCV  
  39  5:36  Viking  
  39  5:40  SCV  
  39  5:41  Cyclone  
  39  5:46  Marine  
  40  5:52  SCV  
  40  5:56  Barracks  
  41  5:57  Barracks  
  41  6:02  Supply Depot  
  41  6:07  Barracks Tech Lab  
  42  6:12  Viking  
  42  6:13  Siege Tank  
  46  6:21  SCV  
  46  6:25  Marine, Combat Shield  
  48  6:33  SCV  
  48  6:37  Supply Depot  
  49  6:42  Viking  
  49  6:45  Marine x2  
  53  6:47  Marine  
  50  7:00  SCV  
  46  7:02  Marine  
  46  7:03  Marine  
  48  7:09  Siege Tank  
  48  7:10  Marine  
  52  7:20  Marine x2  
  54  7:28  Marine  
  55  7:38  Marine x2  
  55  7:39  Liberator  
  60  7:45  Marine  
  60  7:56  Marine x2  
  62  7:59  Supply Depot  
  62  8:03  Marine  
  63  8:10  Supply Depot  
  63  8:15  Stimpack  
  63  8:17  Marine  
  63  8:18  SCV  
  63  8:19  Marine  
  63  8:21  Marine, Siege Tank  
  64  8:45  Bunker  
  64  8:53  Siege Tank  
  64  9:09  Marine x3  
  62  9:16  Medivac  
  60  9:25  SCV, Siege Tank  
  62  9:34  Marine  
  62  9:35  Marine  
  62  9:37  SCV  
  61  9:43  Engineering Bay  
  61  9:51  SCV  

Tags
 
Add a new tag
Caveats
  • Supply blocks, unpowered buildings, or Contaminate may cause inaccurate times.
  • Supply counts are checked every 10 seconds.